 Dungeon Crawl Stone Soup version 0.29-a0-80-g3050e97935 (webtiles) character file.

Game seed: 15860072321665542737

1156 Gargoyl the Skirmisher (level 8, -1/51 HPs)
             Began as a Gargoyle Abyssal Knight on Feb 4, 2022.
             Was a Believer of Lugonu.
             Slain by a jelly (3 damage)
             ... on level 6 of the Dungeon.
             The game lasted 00:07:43 (6379 turns).

Gargoyl the Skirmisher (Gargoyle Abyssal Knight)    Turns: 6379, Time: 00:07:44

Health: -1/51      AC: -3    Str: 19    XL:     8   Next: 39%
Magic:  9/9        EV:  6    Int: 11    God:    Lugonu [**....]
Gold:   144        SH:  8    Dex: 10    Spells: 7/7 levels left

rFire   . . .      SeeInvis .   a - +4 hand axe
rCold   . . .      Faith    .   o - +0 kite shield
rNeg    + . .      Spirit   .   c - +0 chain mail
rPois   ∞          Reflect  .   (no helmet)
rElec   +          Harm     .   z - +0 cloak
rCorr   .          Rampage  .   (no gloves)
Will    .....                   (no boots)
Stlth   ..........              e - amulet of the acrobat
HPRegen 0.17/turn               (no ring)
MPRegen 0.11/turn               (no ring)

@: corroded
A: sickness immunity, AC +5, negative energy resistance 1, electricity
resistance, torment resistance 1, petrification resistance
a: Renounce Religion, Depart the Abyss, Bend Space


You were on level 6 of the Dungeon.
You worshipped Lugonu.
Lugonu was pleased with you.
You visited 1 branch of the dungeon, and saw 6 of its levels.
You visited the Abyss 1 time.
You also visited: Sewer.

You collected 280 gold pieces.
You spent 136 gold pieces at shops.

Inventory:

Hand Weapons
 a - a +4 hand axe (weapon)
Missiles
 j - 2 javelins (quivered)
 t - 6 poisoned darts
Armour
 c - a +0 chain mail (worn)
 o - a +0 kite shield (worn)
 z - a +0 cloak (worn)
Jewellery
 e - an amulet of the acrobat (around neck)
Wands
 l - a wand of digging (5)
 y - a wand of iceblast (2)
Scrolls
 b - 2 scrolls of teleportation
 i - 2 scrolls of identify
 m - a scroll of fear
 s - a scroll of fog
 x - a scroll of silence
Potions
 d - a potion of invisibility
 f - a potion of brilliance
 g - 2 potions of heal wounds
 h - a potion of attraction {unknown}
 k - a potion of magic {unknown}
 n - 2 potions of curing
 p - 4 potions of haste {unknown}
 q - a potion of mutation {unknown}
 r - a potion of resistance {unknown}
 u - 3 potions of might
 v - a potion of flight {unknown}
 w - a potion of lignification {unknown}


   Skills:
 + Level 5.7 Fighting
 + Level 5.3 Axes
 + Level 2.1 Throwing
 + Level 5.0 Armour
 + Level 1.3 Dodging
 + Level 1.0 Stealth
 + Level 3.5 Shields
 + Level 2.4 Invocations
 + Level 0.7 Evocations


You had 7 spell levels left.
You didn't know any spells.
Your spell library was empty.

Dungeon Overview and Level Annotations

Branches:
Dungeon (6/15)             Temple (0/1) D:4           Sewer (visited)

Altars:
Dithmenos
Elyvilon
Fedhas
Makhleb
Okawaru
Sif Muna
Yredelemnul

Shops:
D:3 !![(

Annotations:
D:4 2 transporters, hemabe71's ghost, amateur HuAr


Innate Abilities, Weirdness & Mutations

You are immune to sickness and miasma.
Your stone body is resilient. (AC +5)
You are immune to poison.
You resist negative energy. (rN+)
You are resistant to electric shocks. (rElec)
You are resistant to unholy torment.
You are immune to petrification.


Message History

You hit the jelly. The acid corrodes you!
Your hands burn!
The jelly is severely wounded.
The jelly hits you but does no damage.
You hit the jelly. The acid corrodes you!
Your hands burn!
The jelly is almost dead.
The jelly barely misses you. The jelly hits you. The acid corrodes you!
You are splashed with acid!
You hit the jelly but do no damage.
Your hands burn!
The jelly is almost dead.
The jelly hits you. The acid corrodes you!
You are splashed with acid!
* * * LOW HITPOINT WARNING * * *
You hit the jelly but do no damage.
Your hands burn!
* * * LOW HITPOINT WARNING * * *
The jelly is almost dead.
You block the jelly's attack.
Unknown command.
Throw: 5 javelins
Press: ? - help, Q - select action, (/) - cycle Shift-Dir - straight line, f - jelly
Aim: a jelly (almost dead, 89% to hit)
You throw a javelin.
The javelin pierces through the jelly but does no damage.
The jelly is almost dead.
You block the jelly's attack. x2
Throw: 4 javelins
Press: ? - help, Q - select action, (/) - cycle Shift-Dir - straight line, f/p - jelly
Aim: a jelly (almost dead, 89% to hit)
You throw a javelin. The javelin pierces through the jelly.
The jelly is almost dead.
The jelly hits you.
* * * LOW HITPOINT WARNING * * *
You are splashed with acid!
* * * LOW HITPOINT WARNING * * *
Unknown command.
Throw: 3 javelins
Press: ? - help, Q - select action, (/) - cycle Shift-Dir - straight line, f/p - jelly
Aim: a jelly (almost dead, 89% to hit)
You throw a javelin.
The javelin completely misses the jelly.
The jelly hits you.
You die...

#≈.#.≈.##._ ##≈.#.≈.#...
########..≈.#.≈...≈
#.........≈.#.≈_.≈≈
#.#######.≈.#.≈≈≈.. #.#
#.≈.#....##
#.#######.≈.#####..
######.#.......≈......≈≈
#(....J@.####..≈≈≈≈≈≈≈..
#.####.### ##........##
#.... ........### #..###
##.#.##.# .... §#.#.##.#
#...#####§#.#.##.#
#.....§§§§§.#.##.#
#...#####§§.#.##.#
....§.#.##.#


You could see a jelly.

Vanquished Creatures
  Menkaure (D:5)
  Pargi (Sewer)
  A sky beast (D:6)
  2 ogres (D:4)
  2 phantoms (D:5)
  A scorpion (D:4)
  2 hounds
  An orc priest (D:6)
  Crazy Yiuf (D:5)
  2 bullfrog skeletons
  4 iguanas
  2 orc wizards
  Ijyb (D:5)
  6 adders
  An ufetubus (D:5)
  3 worms
  2 dart slugs
  9 orcs
  4 endoplasms
  4 giant cockroaches
  8 hobgoblins
  A jackal (Sewer)
  2 kobolds (D:2)
  2 quokkas
  3 ball pythons
  3 bats (D:1)
  4 frilled lizards
  4 goblins
  5 rats
82 creatures vanquished.

Notes
Turn   | Place    | Note
-------+----------+-------------------------------------------
     0 | Abyss:1  | Gargoyl the Gargoyle Abyssal Knight began the quest for the
                  | Orb.
     0 | Abyss:1  | Reached XP level 1. HP: 14/14 MP: 2/2
   112 | D:1      | Escaped the Abyss
   200 | D:1      | Found a faded altar of an unknown god.
   221 | D:1      | Reached * piety under Lugonu
   254 | D:1      | Reached XP level 2. HP: 19/19 MP: 3/3
   955 | D:1      | Reached XP level 3. HP: 20/24 MP: 4/4
  1550 | D:2      | Found a basalt altar of Yredelemnul.
  1695 | D:2      | You fall into a shaft and drop 2 floors!
  1786 | D:4      | Found a transporter.
  1789 | D:4      | Noticed hemabe71's ghost (amateur HuAr)
  1835 | D:4      | Found a blossoming altar of Fedhas.
  1905 | D:4      | Found a shadowy altar of Dithmenos.
  1920 | D:4      | Found a staircase to the Ecumenical Temple.
  1951 | D:3      | Reached XP level 4. HP: 29/29 MP: 5/5
  1964 | D:3      | Found Goolovosk's Distillery.
  1974 | D:3      | Bought a potion of heal wounds for 60 gold pieces
  1974 | D:3      | Bought a potion of curing for 36 gold pieces
  1980 | D:3      | Found a glowing drain.
  1981 | D:3      | Found Mewo's Antique Armour Emporium.
  1989 | D:3      | Reached ** piety under Lugonu
  2014 | Sewer    | Entered a sewer
  2079 | Sewer    | Noticed Pargi
  2093 | Sewer    | Killed Pargi
  2094 | Sewer    | Reached XP level 5. HP: 21/34 MP: 6/6
  2323 | D:3      | Found Zisexok's Weapon Shop.
  2584 | D:3      | Reached XP level 6. HP: 32/39 MP: 7/7
  2666 | D:3      | Found Zuocyorgh's Distillery.
  2689 | D:3      | Bought a potion of might for 40 gold pieces
  2975 | D:4      | Reached skill level 1 in Dodging
  2975 | D:4      | Reached skill level 1 in Shields
  3112 | D:4      | Found a transporter.
  3631 | D:4      | Reached XP level 7. HP: 42/44 MP: 8/8
  3978 | D:5      | Entered Level 5 of the Dungeon
  4024 | D:5      | Found a white marble altar of Elyvilon.
  4069 | D:5      | Found a runed translucent door.
  4070 | D:5      | Noticed Crazy Yiuf
  4250 | D:5      | Noticed Menkaure
  4262 | D:5      | Killed Menkaure
  4278 | D:5      | Reached skill level 5 in Fighting
  4990 | D:5      | Found a burning altar of Makhleb.
  4999 | D:5      | Reached skill level 5 in Axes
  4999 | D:5      | Reached skill level 1 in Stealth
  5140 | D:5      | Noticed Ijyb
  5156 | D:5      | Killed Ijyb
  5160 | D:5      | Reached skill level 1 in Throwing
  5160 | D:5      | Reached XP level 8. HP: 46/50 MP: 9/9
  5553 | D:5      | Killed Crazy Yiuf
  6197 | D:6      | Reached skill level 5 in Armour
  6338 | D:6      | Found an iron altar of Okawaru.
  6341 | D:6      | Found a shimmering blue altar of Sif Muna.
  6378 | D:6      | HP: 1/51 [acid (9)]
  6379 | D:6      | Slain by a jelly

Illustrated notes

Levels and vault maps discovered:
D:1:      amcnicky_arrival_underground_garden, layout_basic,
          shapermc_ecumenical_altar_totnotflames
D:2:      layout_basic, basic_altar
D:3:      layout_rooms, cheibrodos_sewer_entry_sluice, serial_shops, shop, shop,
          nicolae_shop_advertising_works [nicolae_subvault_shop_adworks],
          nicolae_shop_bloodbath_and_beyond
D:4:      layout_basic, mainiacjoe_overflow_alcove_1, fedhas_altar_3,
          minmay_temple_entry_drinking_statues, gammafunk_ghost_mausoleum,
          st_stairs_9, kennysheep_donut, kennysheep_nub, minmay_crossroads
D:5:      layout_loops_ring, bloody_makhleb, elyvilon_altar_4, uniq_ijyb,
          uniq_menkaure, uniq_crazy_yiuf_cottage
D:6:      layout_loops_ring, nicolae_overflow_squiral, minivault_25,
          minmay_misc_feat_pillars, lemuel_old_faithful

Skill      XL: |  1  2  3  4  5  6  7  8 |
---------------+-------------------------+-----
Axes           | 2 3 4 5 |  5.3
Fighting       | 4 5 |  5.7
Armour         | 3 4 5 |  5.0
Dodging        | 1 |  1.3
Shields        | 1 3 |  3.5
Stealth        | 1 |  1.0
Throwing       | 1 2 |  2.1
Invocations    | |  2.4
Evocations     | |  0.7

Action                   |  1- 3 |  4- 6 |  7- 9 || total
-------------------------+-------+-------+-------++-------
Melee: Hand axe          |   109 |   117 |   152 ||   378
Throw: Javelin           |       |       |    23 ||    23
Invok: Depart the Abyss  |     1 |       |       ||     1
       Bend Space        |       |     1 |     1 ||     2
Evoke: Wand              |       |     8 |       ||     8
  Use: Scroll            |     5 |       |     8 ||    13
 Stab: Fleeing           |       |       |     1 ||     1
Armor: Chain mail        |    52 |    88 |    97 ||   237
       Leather armour    |     2 |       |       ||     2
Dodge: Dodged            |    55 |    40 |    36 ||   131
Block: Kite shield       |       |    41 |    68 ||   109

Table legend: (Time is in decaauts)
 A = Elapsed time spent in this place.
 B = Non-inter-level travel time spent in this place.
 C = Inter-level travel time spent in this place.
 D = Time resting spent in this place.
 E = Time spent auto-exploring this place.
 F = Levels seen in this place.
 G = Mean time per level.
                   A        B        C        D        E       F      G
               +--------+--------+--------+--------+--------+-----+--------+
         Total |   6503 |   6255 |    248 |    771 |   4289 |   8 |  812.9 |
       Dungeon |   6136 |   5888 |    248 |    771 |   3987 |   6 | 1022.7 |
         Abyss |    112 |    112 |      0 |      0 |    110 |   1 |  112.0 |
         Sewer |    254 |    254 |      0 |      0 |    192 |   1 |  254.0 |
               +--------+--------+--------+--------+--------+-----+--------+

Top non-repeatable levels by time:
     D:4: 1735 daAuts
     D:5: 1419 daAuts
     D:1: 991 daAuts
     D:3: 745 daAuts
     D:6: 633 daAuts
     D:2: 610 daAuts
   Sewer: 254 daAuts
 Abyss:1: 112 daAuts
